 Dungeon Crawl Stone Soup version 0.21.1-1-g345015fe64 (webtiles) character file.

3154 Kisielow the Carver (level 9, 0/81 HPs)
             Began as a Minotaur Fighter on Mar 7, 2018.
             Was a Follower of Qazlal.
             Slain by a two-headed ogre
             ... wielding a +0 giant club
              (7 damage)
             ... on level 8 of the Dungeon.
             The game lasted 00:16:02 (7343 turns).

Kisielow the Carver (Minotaur Fighter)              Turns: 7343, Time: 00:16:02

Health: 0/81       AC: 15    Str: 24    XL:     9   Next: 62%
Magic:  9/9        EV:  5    Int:  8    God:    Qazlal [*.....]
Gold:   301        SH: 18    Dex: 10    Spells: 8/8 levels left

rFire    . . .     SeeInvis +   a - +1 long sword
rCold    . . .     Gourm    .   b - +0 large shield
rNeg     + + .     Faith    +   o - +1 chain mail of the Duke {rN+ Int+3 SInv}
rPois    .         Spirit   .   (helmet restricted)
rElec    .         Reflect  .   p - +0 cloak
rCorr    .         Harm     .   (no gloves)
MR       +....                  (no boots)
Stlth    ..........             z - amulet "Kevuss" {Faith rN+ MR+}
HPRegen  0.23/turn              (no ring)
MPRegen  0.11/turn              (no ring)

@: hasted, very quick
A: retaliatory headbutt, hooves 1, horns 2, icy blue scales 1, sturdy frame 1
a: Renounce Religion


You were on level 8 of the Dungeon.
You worshipped Qazlal.
Qazlal was aware of your devotion.
You were not hungry.

You visited 2 branches of the dungeon, and saw 9 of its levels.

You collected 301 gold pieces.

Inventory:

Hand Weapons
 a - a +1 long sword (weapon)
Armour
 b - a +0 large shield (worn)
 o - the +1 chain mail of the Duke (worn) {rN+ Int+3 SInv}
   (You found it on level 6 of the Dungeon)

   It affects your intelligence (+3).
   It protects you from negative energy.
   It lets you see invisible.
 p - a +0 cloak (worn)
 s - a +0 pair of boots
Jewellery
 x - a +3 ring of evasion {unknown}
 z - the amulet "Kevuss" (around neck) {Faith rN+ MR+}
   (You found it on level 6 of the Dungeon)

   [amulet of faith]

   It allows you to gain divine favour quickly.
   It protects you from negative energy.
   It affects your resistance to hostile enchantments.
Wands
 l - a wand of flame (40)
 F - a wand of enslavement (3)
Scrolls
 j - a scroll of remove curse
 k - 3 scrolls of teleportation
 m - 2 scrolls of enchant armour
 t - a scroll of enchant weapon
 A - a scroll of amnesia
 D - 3 scrolls of identify
Potions
 d - a potion of might
 e - 3 potions of haste
 g - 2 potions of agility
 h - 8 potions of curing
 n - 2 potions of magic
 q - 2 potions of cancellation
 r - a potion of heal wounds
 u - 2 potions of brilliance
 v - a potion of invisibility
 w - 2 potions of flight
 B - 2 potions of berserk rage {unknown}
 C - 2 potions of resistance
 E - a potion of lignification {unknown}
Books
 i - a book of Necromancy

   Spells                             Type                      Level
   a - Pain                           Necromancy                   1
   b - Animate Skeleton               Necromancy                   1
   c - Vampiric Draining              Necromancy                   3
   d - Regeneration                   Charms/Necromancy            3
   e - Animate Dead                   Necromancy                   4
   f - Borgnjor's Vile Clutch         Necromancy/Earth             5
 y - Gofew's Almanac of Icy Enhancements
   (You found it on level 6 of the Dungeon)

   Spells                             Type                      Level
   a - Swiftness                      Charms/Air                   2
   b - Throw Frost                    Conjuration/Ice              2
   c - Ozocubu's Armour               Charms/Ice                   3
   d - Bolt of Cold                   Conjuration/Ice              6
Comestibles
 f - 11 rations


   Skills:
 + Level 7.9 Fighting
 - Level 10.2 Long Blades
 + Level 7.9 Armour
 + Level 7.8 Shields
 + Level 2.1 Invocations
 + Level 1.9 Evocations


You had 8 spell levels left.
You didn't know any spells.

Dungeon Overview and Level Annotations

Branches:
Dungeon (8/15)             Temple (1/1) D:6
   Lair: D:8-11

Altars:
Ashenzari
Cheibriados
Dithmenos
Elyvilon
Fedhas
Gozag
Hepliaklqana
Kikubaaqudgha
Makhleb
Nemelex Xobeh
Okawaru
Qazlal
Ru
Sif Muna
Trog
Uskayaw
Vehumet
Wu Jian
Xom
Yredelemnul
Zin
The Shining One

Shops:
D:7 *


Innate Abilities, Weirdness & Mutations

You reflexively headbutt those who attack you in melee.
You have a pair of horns on your head.
You have large cloven feet.
You are partially covered in icy blue scales. (AC +2)
Your movements are slightly less encumbered by armour. (ER -2)


Message History

You slash the two-headed ogre!
Your headbutt misses the two-headed ogre.
The two-headed ogre is moderately wounded.
You block the two-headed ogre's attack.
The two-headed ogre hits you with a giant club!
You hit the two-headed ogre.
The two-headed ogre is moderately wounded.
The two-headed ogre hits you with a giant club!! x2
* * * LOW HITPOINT WARNING * * *
You are too injured to fight recklessly!
You are too injured to fight recklessly!
You are too injured to fight recklessly!
You are too injured to fight recklessly!
You are too injured to fight recklessly!
You are too injured to fight recklessly!
You are too injured to fight recklessly!
You feel yourself speed up.
The two-headed ogre hits you but does no damage.
The two-headed ogre hits you with a giant club!
You die...

#.. #.....# #..# ##..#.#
#..# #.....#
##..###..#..##
##....#...##..#
######.........###.##♣
...............# #..###
......s§.#....## ##...##
......O@§.....# ###...
.......$§.....#####.....
.....#####..............
.... ####........... ...
#......#...# ..
#.....###..# . ##....##
#... ### #....## ##..
....#....# #..


You could see a two-headed ogre and a giant cockroach.

Vanquished Creatures
  Psyche (D:8)
  A hornet (D:7)
  Grum (D:8)
  Edmund (D:5)
  A hornet zombie (D:4)
  2 black bears
  An orc warrior (D:6)
  A necrophage (D:7)
  2 wolves (D:8)
  A centaur (D:7)
  3 ogres
  4 bullfrogs
  6 scorpions
  A bullfrog zombie (D:5)
  2 crimson imps
  2 quasits
  Crazy Yiuf (D:3)
  3 hounds (D:6)
  6 orc priests
  An iguana (D:4)
  4 orc wizards
  5 worker ants
  3 worker ant zombies
  5 adders
  4 worms
  3 dart slugs
  5 leopard geckos
  20 orcs
  A ball python (D:2)
  11 bats
  3 giant cockroaches
  11 goblins
  2 hobgoblins
  8 jackals
  4 quokkas
  4 frilled lizards
  5 kobolds (D:1)
  A leopard gecko zombie (D:7)
  6 rats
146 creatures vanquished.

Notes
Turn   | Place    | Note
-------+----------+-------------------------------------------
     0 | D:1      | Kisielow the Minotaur Fighter began the quest for the Orb.
     0 | D:1      | Reached XP level 1. HP: 19/19 MP: 0/0
   153 | D:1      | Reached skill level 3 in Long Blades
   310 | D:1      | Reached XP level 2. HP: 26/26 MP: 1/1
   521 | D:1      | Reached skill level 4 in Long Blades
   583 | D:1      | Reached XP level 3. HP: 26/31 MP: 2/2
  1162 | D:2      | Reached skill level 5 in Long Blades
  1331 | D:2      | Reached XP level 4. HP: 37/40 MP: 3/3
  1714 | D:3      | Found a glowing golden altar of the Shining One.
  1766 | D:3      | Found a faded altar of an unknown god.
  1840 | D:3      | Reached XP level 5. HP: 37/46 MP: 4/4
  2243 | D:3      | Reached skill level 6 in Long Blades
  2494 | D:3      | Found a runed door.
  2498 | D:3      | Noticed Crazy Yiuf
  2508 | D:3      | Killed Crazy Yiuf
  2681 | D:4      | Reached XP level 6. HP: 53/53 MP: 5/5
  2943 | D:4      | Gained mutation: You are agile. (Dex +2) [potion of mutation]
  2943 | D:4      | Gained mutation: Your spells are a little easier to cast, but a little less powerful. [potion of mutation]
  2943 | D:4      | Gained mutation: You passively map a small area around you. [potion of mutation]
  2943 | D:4      | Gained mutation: You are partially covered in icy blue scales. (AC +2) [potion of mutation]
  2944 | D:4      | Lost mutation: Your spells are a little easier to cast, but a little less powerful. [potion of mutation]
  2944 | D:4      | Lost mutation: You passively map a small area around you. [potion of mutation]
  2944 | D:4      | Lost mutation: You are agile. (Dex +2) [potion of mutation]
  2944 | D:4      | Gained mutation: You have large cloven feet. [potion of mutation]
  2944 | D:4      | Gained mutation: Your movements are slightly less encumbered by armour. (ER -2) [potion of mutation]
  3545 | D:5      | Entered Level 5 of the Dungeon
  3703 | D:5      | Reached skill level 5 in Fighting
  3703 | D:5      | Reached skill level 7 in Long Blades
  3703 | D:5      | Reached skill level 5 in Armour
  3703 | D:5      | Reached XP level 7. HP: 58/61 MP: 6/6
  3904 | D:5      | Reached skill level 5 in Shields
  3966 | D:5      | Noticed Edmund
  3977 | D:5      | Killed Edmund
  4666 | D:6      | Got an ichor-stained chain mail
  4677 | D:6      | Identified the +1 chain mail of the Duke {rN+ Int+3 SInv} (You found it on level 6 of the Dungeon)
  4696 | D:6      | Reached skill level 8 in Long Blades
  4706 | D:6      | Found a staircase to the Ecumenical Temple.
  4741 | Temple   | Entered the Ecumenical Temple
  4817 | Temple   | Became a worshipper of Qazlal Stormbringer
  4843 | D:6      | Reached XP level 8. HP: 62/70 MP: 7/7
  4974 | D:6      | Found a hide-covered altar of Uskayaw.
  4974 | D:6      | Found a shimmering altar of Xom.
  4980 | D:6      | Found a bloodstained altar of Trog.
  4980 | D:6      | Found a glowing golden altar of the Shining One.
  4984 | D:6      | Found an ancient bone altar of Kikubaaqudgha.
  4984 | D:6      | Found an iron altar of Okawaru.
  5041 | D:6      | Identified Gofew's Almanac of Icy Enhancements
  5313 | D:6      | Got a heavily runed golden amulet
  5322 | D:6      | Identified the amulet "Kevuss" {Faith rN+ MR+} (You found it on level 6 of the Dungeon)
  5379 | D:6      | Reached skill level 9 in Long Blades
  5866 | D:7      | Reached * piety under Qazlal
  6115 | D:7      | Reached XP level 9. HP: 50/79 MP: 8/8
  6126 | D:7      | Found Hemis's Assorted Antiques.
  6153 | D:7      | Reached skill level 10 in Long Blades
  6459 | D:7      | Found a radiant altar of Vehumet.
  6459 | D:7      | Found a sacrificial altar of Ru.
  6964 | D:8      | Noticed Grum
  6969 | D:8      | Reached skill level 1 in Invocations
  6969 | D:8      | Reached skill level 1 in Evocations
  6975 | D:8      | Killed Grum
  7048 | D:8      | Noticed Psyche
  7057 | D:8      | Killed Psyche
  7335 | D:8      | Noticed a two-headed ogre
  7343 | D:8      | Slain by a two-headed ogre

Skill      XL: |  1  2  3  4  5  6  7  8  9 |
---------------+----------------------------+-----
Long Blades    | 3 4 5 6 7 8 9 10 | 10.2
Fighting       | 4 5 7 |  7.9
Armour         | 4 5 7 |  7.9
Shields        | 4 5 6 7 |  7.8
Invocations    | 2 |  2.1
Evocations     | 1 |  1.9

Action                   |  1- 3 |  4- 6 |  7- 9 || total
-------------------------+-------+-------+-------++-------
Melee: Long sword        |   119 |   146 |   232 ||   497
       Headbutt          |    14 |    24 |    49 ||    87
       Kick              |       |     9 |    64 ||    73
Evoke: Wand              |       |     3 |       ||     3
  Use: Scroll            |       |     8 |    13 ||    21
       Potion            |       |     3 |     3 ||     6
 Stab: Invisible         |       |       |     1 ||     1
  Eat: Chunk             |     2 |     7 |     5 ||    14
       Ration            |       |       |     2 ||     2
Armor: Scale mail        |    52 |     7 |       ||    59
       Chain mail        |       |    13 |    88 ||   101
       Plate armour      |       |    50 |    16 ||    66
Dodge: Dodged            |    34 |    31 |    30 ||    95
Block: Shield            |    60 |    58 |       ||   118
       Large shield      |       |       |   196 ||   196
       Rpst.: Long sword |    12 |     7 |     7 ||    26
